 Dungeon Crawl Stone Soup version 0.22.1-2-g9c5b331383 (webtiles) character file.

340 Gargoyl the Skirmisher (level 6, 0/52 HPs)
             Began as a Centaur Abyssal Knight on Nov 19, 2018.
             Was a Priest of Lugonu.
             Slain by a worker ant (2 damage)
             ... on level 4 of the Dungeon.
             The game lasted 00:08:30 (4547 turns).

Gargoyl the Skirmisher (Centaur Abyssal Knight)     Turns: 4547, Time: 00:08:31

Health: 0/52       AC: 11    Str: 15    XL:     6   Next: 30%
Magic:  8/8        EV:  8    Int: 11    God:    Lugonu [***...]
Gold:   104        SH:  0    Dex: 10    Spells: 5/5 levels left

rFire    . . .     SeeInvis .   q - +1 war axe (chop)
rCold    . . .     Gourm    .   (no shield)
rNeg     . . .     Faith    .   d - +0 ring mail
rPois    +         Spirit   .   m - +0 helmet
rElec    .         Reflect  .   k - +0 cloak
rCorr    .         Harm     .   r - +2 pair of gloves
MR       .....                  (no barding)
Stlth    ..........             (no amulet)
HPRegen  0.17/turn              f - ring of poison resistance
MPRegen  0.11/turn              (no ring)

@: very quick
A: large, hooves 3, deformed body, speed 2, tough skin 3
a: Depart the Abyss, Bend Space, Banish, Renounce Religion


You were on level 4 of the Dungeon.
You worshipped Lugonu.
Lugonu was most pleased with you.
You were very hungry.

You visited 1 branch of the dungeon, and saw 4 of its levels.
You visited the Abyss 1 time.

You collected 104 gold pieces.

Inventory:

Hand Weapons
 a - a +2 hand axe
 q - a +1 war axe of chopping (weapon)
Armour
 d - a +0 ring mail (worn)
 k - a +0 cloak (worn)
 m - a +0 helmet (worn)
 r - a +2 pair of gloves (worn)
Jewellery
 f - a ring of poison resistance (left hand)
Scrolls
 h - 3 scrolls of identify
 i - a scroll of teleportation
 o - a scroll of remove curse
 p - a scroll of blinking {unknown}
Potions
 b - a potion of curing
 e - a potion of invisibility
 j - a potion of resistance {unknown}
 l - a potion of brilliance {unknown}
 n - 2 potions of degeneration {unknown}
Comestibles
 c - 6 rations


   Skills:
 + Level 4.1 Fighting
 + Level 3.3 Axes
 * Level 3.1 Armour
 + Level 1.0 Dodging
 * Level 3.3 Invocations


You had 5 spell levels left.
You didn't know any spells.
Your spell library contained the following spells:

 Spells                   Type           Power        Failure   Level  Hunger
 Confusing Touch          Hex            #.....       56%         1    ##.....
 Confuse                  Hex            #.......     90%         3    ####...
 Gell's Gravitas          Tloc           #.........   90%         3    ####...
 Petrify                  Tmut/Erth      #.......     100%        4    #####..
 Metabolic Englaciation   Hex/Ice        #.........   100%        5    ######.
 Yara's Violent Unravell  Hex/Tmut       #.........   100%        5    ######.


Dungeon Overview and Level Annotations

Branches:
Dungeon (4/15)
 Temple: D:4-7

Altars:
Nemelex Xobeh

Annotations:
Abyss:1 Ijyb


Innate Abilities, Weirdness & Mutations

You have hooves in place of feet.
Armour fits poorly on your strangely shaped body.
You cover ground very quickly.
You have extremely tough skin. (AC +3)


Message History

The jackal bites you but does no damage.
You slash the jackal!
You kill the jackal!
Lugonu accepts your kill.
The worker ant bites you but does no damage.
You slash the worker ant!
The worker ant is severely wounded.
The worker ant bites you!
* * * LOW HITPOINT WARNING * * *
The worker ant barely misses you.
Your magical contamination has completely faded away.
You barely miss the worker ant.
The worker ant is severely wounded.
The worker ant bites you but does no damage.
You barely miss the worker ant.
The worker ant is severely wounded.
The worker ant bites you.
* * * LOW HITPOINT WARNING * * *
The worker ant bites you.
You die...

...... ..... #
# #...#
#.#.##...#####
..
.........#...
..
.....#...#.#
..
.......h...#
..##.##a####
#@# #.# #.. .
#..# . #...
##.## .. .#


You could see a worker ant and a jackal.

Vanquished Creatures
  2 orc priests (D:3)
  An iguana (D:3)
  An orc wizard (D:2)
  A worker ant (D:3)
  Robin (D:3)
  6 adders
  An ooze (D:2)
  3 worms
  4 dart slugs
  2 leopard geckos
  7 orcs (D:3)
  2 ball pythons
  2 giant cockroaches
  12 goblins
  11 hobgoblins
  15 jackals
  6 kobolds
  A quokka (D:2)
  6 bats
  9 frilled lizards (D:2)
  8 rats
101 creatures vanquished.

Vanquished Creatures (others)
  7 starspawn tentacles (Abyss:2)
7 creatures vanquished.

Grand Total: 108 creatures vanquished

Notes
Turn   | Place    | Note
-------+----------+-------------------------------------------
     0 | Abyss:1  | Gargoyl the Centaur Abyssal Knight began the quest for the
                  | Orb.
     0 | Abyss:1  | Reached XP level 1. HP: 19/19 MP: 2/2
    42 | Abyss:2  | Noticed a tentacled starspawn
    75 | Abyss:2  | Noticed a storm dragon skeleton
    99 | D:1      | Escaped the Abyss
   298 | D:1      | Reached XP level 2. HP: 24/26 MP: 3/3
   461 | D:1      | Reached * piety under Lugonu
   907 | D:2      | Reached XP level 3. HP: 24/31 MP: 4/4
  1203 | D:2      | Reached ** piety under Lugonu
  1539 | D:2      | Reached XP level 4. HP: 28/40 MP: 5/5
  2174 | D:3      | Found a sparkling altar of Nemelex Xobeh.
  2241 | D:3      | Noticed Robin
  2256 | D:3      | Killed Robin
  2259 | D:3      | Reached XP level 5. HP: 17/46 MP: 7/7
  2676 | D:3      | Reached skill level 4 in Fighting
  2883 | D:3      | Reached skill level 1 in Dodging
  3150 | D:3      | Reached *** piety under Lugonu
  3411 | D:3      | Reached XP level 6. HP: 18/52 MP: 8/8
  3680 | D:3      | Noticed Ijyb
  3882 | D:2      | Banished Ijyb
  4263 | D:4      | Noticed a two-headed ogre
  4547 | D:4      | HP: 2/52 [worker ant (5)]
  4547 | D:4      | Slain by a worker ant

Skill      XL: |  1  2  3  4  5 |
---------------+----------------+-----
Axes           | 2 3 |  3.3
Armour         | 2 3 |  3.1
Invocations    | 3 |  3.3
Fighting       | 4 |  4.1
Dodging        | 1 |  1.0

Action                   |  1- 3 |  4- 6 || total
-------------------------+-------+-------++-------
Melee: Hand axe          |   125 |   113 ||   238
       Kick              |    16 |    29 ||    45
       War axe           |       |    36 ||    36
Invok: Depart the Abyss  |     1 |       ||     1
       Banish            |       |     1 ||     1
Evoke: Wand              |     4 |       ||     4
  Use: Potion            |     1 |     7 ||     8
       Scroll            |     5 |     3 ||     8
  Eat: Chunk             |     1 |     4 ||     5
       Ration            |       |     1 ||     1
Armor: Ring mail         |    68 |    89 ||   157
Dodge: Dodged            |    63 |    88 ||   151
